 Dungeon Crawl Stone Soup version 0.29-a0-92-gee772dd00f (webtiles) character file.

Game seed: 14793277165531185023

240 cyrus the Skirmisher (level 6, -4/49 HPs)
             Began as a Merfolk Fighter on Feb 10, 2022.
             Slain by a phantom (5 damage)
             ... on level 4 of the Dungeon.
             The game lasted 00:06:01 (2343 turns).

cyrus the Skirmisher (Merfolk Fighter)              Turns: 2343, Time: 00:06:01

Health: -4/49      AC: 12    Str: 19    XL:     6   Next: 8%
Magic:  6/6        EV:  5    Int:  7    God:
Gold:   94         SH:  5    Dex: 13    Spells: 5/5 levels left

rFire   . . .      SeeInvis .   j - +2 war axe (distort)
rCold   . . .      Faith    .   c - +0 buckler
rNeg    . . .      Spirit   .   r - +0 plate armour
rPois   .          Reflect  .   (no helmet)
rElec   .          Harm     .   (no cloak)
rCorr   .          Rampage  .   p - +0 pair of gloves
Will    .....                   (no boots)
Stlth   ..........              (no amulet)
HPRegen 0.16/turn               (no ring)
MPRegen 0.10/turn               (no ring)

@: no status effects
A: (nimble swimmer 2), mertail
a: no special abilities


You were on level 4 of the Dungeon.
You visited 1 branch of the dungeon, and saw 4 of its levels.

You collected 94 gold pieces.

Inventory:

Hand Weapons
 a - a +0 trident
 j - a +2 war axe of distortion (weapon)
Armour
 b - a +0 scale mail
 c - a +0 buckler (worn)
 p - a +0 pair of gloves (worn)
 r - a +0 plate armour (worn)
Wands
 m - a wand of flame (20)
Scrolls
 f - 2 scrolls of identify {unknown}
 g - a scroll of fog {unknown}
 h - a scroll of fear {unknown}
 k - a scroll of enchant armour {unknown}
 n - a scroll of amnesia {unknown}
Potions
 d - a potion of might
 e - a potion of haste {unknown}
 i - a potion of curing {unknown}
 l - a potion of heal wounds {unknown}
 o - a potion of resistance {unknown}
 q - 2 potions of mutation {unknown}


   Skills:
 + Level 4.5 Fighting
 + Level 1.9(2.2) Axes
 + Level 3.3(4.1) Polearms
 + Level 3.4 Armour
 + Level 0.5 Dodging
 + Level 0.1 Stealth
 + Level 3.7 Shields


You had 5 spell levels left.
You didn't know any spells.
Your spell library was empty.

Dungeon Overview and Level Annotations

Branches:
Dungeon (4/15)
 Temple: D:4-7

Altars:

Annotations:
Abyss:1 Ijyb


Innate Abilities, Weirdness & Mutations

((You are very nimble when in or above water. (Stealth+, EV+, Speed+++)))
Your lower body shifts to a powerful aquatic tail in water.


Message History

The ball python bites you but does no damage.
The ball python grabs you. The ball python constricts you.
You slash the ball python!
You kill the ball python!
You barely miss the phantom. The phantom hits you.
The phantom hits you but does no damage.
You barely miss the phantom.
A black bear comes into view.
The phantom hits you.
* * * LOW HITPOINT WARNING * * *
The phantom blinks!
You blink.
The black bear bites you.
* * * LOW HITPOINT WARNING * * *
You block the black bear's attack.
The black bear claws you but does no damage.
You slash the phantom!
The phantom is moderately damaged.
You closely miss the black bear.
The phantom blinks!
You feel a little less mighty now. The black bear bites you.
* * * LOW HITPOINT WARNING * * *
The black bear claws you but does no damage.
The black bear barely misses you.
You hit the black bear.
The black bear is moderately wounded.
The black bear blinks!
Found a book of Blood.
The phantom hits you but does no damage.
You closely miss the phantom.
The phantom is moderately damaged.
The phantom hits you but does no damage.
You closely miss the phantom.
The phantom is moderately damaged.
The phantom hits you but does no damage.
The phantom hits you.
* * * LOW HITPOINT WARNING * * *
The phantom blinks!
You blink.
You completely miss the phantom.
The phantom is moderately damaged.
The phantom hits you.
You die...

#. #.......# #.
####.......# #.
..........# ##.
#.........# #..
..h......# #..
#........#
#W#####........#
#@§h.....####..
##.###.........
#.## #?.#######
#.# #..#######
..# #.<.......
:.# #.)#######
#.. #..# .. #).#
#).#


You could see a phantom and a black bear.

Vanquished Creatures
  A howler monkey (D:4)
  A gnoll shaman (D:4)
  Jessica (D:3)
  4 adders
  3 gnolls (D:4)
  2 worms (D:2)
  3 dart slugs
  An orc (D:3)
  5 endoplasms
  3 giant cockroaches
  2 goblins
  4 hobgoblins
  8 ball pythons
  2 bats
  4 frilled lizards
  6 kobolds
50 creatures vanquished.

Notes
Turn   | Place    | Note
-------+----------+-------------------------------------------
     0 | D:1      | cyrus the Merfolk Fighter began the quest for the Orb.
     0 | D:1      | Reached XP level 1. HP: 18/18 MP: 1/1
   359 | D:1      | You fall into a shaft and drop 1 floor!
   373 | D:2      | Reached XP level 2. HP: 7/24 MP: 2/2
   749 | D:2      | Reached XP level 3. HP: 28/30 MP: 3/3
  1245 | D:3      | Noticed Ijyb
  1251 | D:3      | Banished Ijyb
  1252 | D:3      | Reached skill level 4 in Fighting
  1252 | D:3      | Reached XP level 4. HP: 37/38 MP: 4/4
  1565 | D:3      | Noticed Jessica
  1573 | D:3      | Killed Jessica
  1574 | D:3      | Reached XP level 5. HP: 29/43 MP: 5/5
  1878 | D:3      | Reached skill level 1 in Axes
  2307 | D:4      | Reached XP level 6. HP: 20/49 MP: 6/6
  2332 | D:4      | Noticed a black bear
  2342 | D:4      | HP: 1/49 [phantom (4)]
  2343 | D:4      | Slain by a phantom

Illustrated notes

Levels and vault maps discovered:
D:1:      dpeg_arrival_arbitrary_a, layout_loops_ring,
          shapermc_ecumenical_altar_flowoftime
D:2:      layout_loops_ring
D:3:      layout_basic, uniq_jessica, uniq_ijyb
D:4:      layout_loops_ring, nicolae_shop_firing_range

Skill      XL: |  1  2  3  4  5 |
---------------+----------------+-----
Fighting       | 4 |  4.5
Armour         | 3 |  3.4
Axes           | 1 |  1.9
Polearms       | |  3.3
Dodging        | |  0.5
Stealth        | |  0.1
Shields        | |  3.7

Action                   |  1- 3 |  4- 6 || total
-------------------------+-------+-------++-------
Melee: Trident           |    29 |       ||    29
       War axe           |    22 |    73 ||    95
  Use: Potion            |     1 |     1 ||     2
Armor: Scale mail        |    21 |    16 ||    37
       Plate armour      |       |    28 ||    28
Dodge: Dodged            |    27 |    35 ||    62
Block: Buckler           |    11 |    16 ||    27

Table legend: (Time is in decaauts)
 A = Elapsed time spent in this place.
 B = Non-inter-level travel time spent in this place.
 C = Inter-level travel time spent in this place.
 D = Time resting spent in this place.
 E = Time spent auto-exploring this place.
 F = Levels seen in this place.
 G = Mean time per level.
                   A        B        C        D        E       F      G
               +--------+--------+--------+--------+--------+-----+--------+
         Total |   2392 |   2392 |      0 |    427 |   1372 |   4 |  598.0 |
       Dungeon |   2392 |   2392 |      0 |    427 |   1372 |   4 |  598.0 |
               +--------+--------+--------+--------+--------+-----+--------+

Top non-repeatable levels by time:
     D:3: 1061 daAuts
     D:2: 899 daAuts
     D:1: 360 daAuts
     D:4: 70 daAuts
